 Dungeon Crawl Stone Soup version 0.27-a0-1391-g48c30b3128 (webtiles) character file.

Game seed: 14043317336023438193

3023 Delamore the Cruncher (level 10, 0/70 (74) HPs)
             Began as a Formicid Fighter on July 1, 2021.
             Was an Initiate of Gozag.
             Slain by a wight (1 damage)
             ... on level 7 of the Dungeon.
             The game lasted 00:08:32 (7938 turns).

Delamore the Cruncher (Formicid Fighter)            Turns: 7938, Time: 00:08:32

HP:   0/70 (74)     AC:  8    Str: 24    XL:     10   Next: 10%
MP:   10/10         EV:  9    Int:  8    God:    Gozag
Gold: 519           SH:  4    Dex: 10    Spells: 9/9 levels left

rFire    . . .     SeeInvis +   a - +0 quarterstaff (vamp)
rCold    . . .     Faith    .   f - +0 buckler
rNeg     . . .     Spirit   .   b - +0 scale mail
rPois    .         Reflect  .   (helmet unavailable)
rElec    .         Harm     .   k - +0 cloak
rCorr    .         Rampage  .   (no gloves)
Will     +....                  (no boots)
Stlth    ..........             (no amulet)
HPRegen  0.21/turn              (no ring)
MPRegen  0.12/turn              (no ring)

@: drained
A: permanent stasis, dig shafts and tunnels, antennae 3, four strong arms
a: Dig, Shaft Self, Renounce Religion, Potion Petition, Call Merchant, Bribe
Branch


You were on level 7 of the Dungeon.
You worshipped Gozag.
Gozag was pleased with you.
You visited 2 branches of the dungeon, and saw 8 of its levels.

You collected 627 gold pieces.
You paid 108 gold pieces to Gozag.

Inventory:

Hand Weapons
 a - a +0 vampiric quarterstaff (weapon)
Missiles
 n - 10 poisoned darts
Armour
 b - a +0 scale mail (worn)
 c - a +0 kite shield
 f - a +0 buckler (worn)
 k - a +0 cloak (worn)
Wands
 i - a wand of iceblast (13) (quivered)
 m - a wand of mindburst (4)
Scrolls
 q - a scroll of noise
Potions
 d - 2 potions of might
 e - a potion of haste
 g - a potion of attraction
 h - a potion of degeneration
 j - a potion of berserk rage {unknown}
 l - 2 potions of lignification
 o - a potion of brilliance


   Skills:
 - Level 5.0 Fighting
 * Level 11.9 Staves
 - Level 3.2 Armour
 - Level 3.6 Shields
 - Level 5.0 Evocations


You had 9 spell levels left.
You didn't know any spells.
Your spell library contained the following spells:

 Spells                   Type           Power      Damage    Failure   Level
 Corona                   Hex            0%         N/A       71%         1
 Foxfire                  Conj/Fire      0%         2x1d4     71%         1
 Ensorcelled Hibernation  Hex/Ice        0%         N/A       85%         2
 Confusing Touch          Hex            0%         N/A       97%         3
 Conjure Flame            Conj/Fire      0%         6-21      97%         3
 Dazzling Flash           Conj/Hex       0%         N/A       97%         3
 Inner Flame              Hex/Fire       0%         N/A       97%         3
 Tukima's Dance           Hex            0%         N/A       97%         3
 Sticky Flame             Conj/Fire      0%         2d3       100%        4
 Fireball                 Conj/Fire      0%         3d3       100%        5


Dungeon Overview and Level Annotations

Branches:
Dungeon (7/15)             Temple (1/1) D:6

Altars:
Ashenzari
Dithmenos
Elyvilon
Fedhas
Gozag
Hepliaklqana
Kikubaaqudgha
Makhleb
Nemelex Xobeh
Okawaru
Qazlal
Ru
Sif Muna
Trog
Uskayaw
Vehumet
Wu Jian
Xom
Yredelemnul
Zin
The Shining One


Innate Abilities, Weirdness & Mutations

You cannot be hasted, slowed, berserked, paralysed or teleported.
You can dig through walls and to a lower floor.
You have a pair of large antennae on your head. (SInv)
Your four strong arms can wield two-handed weapons with a shield.


Message History

You hit the wight.
The wight is lightly damaged.
The wight hits you with a +3 spear.
You feel drained.
You hit the wight.
The wight is heavily damaged.
You sock the wight!
You destroy the wight!
Your life force feels restored.
You closely miss the wight. You closely miss the wight.
The wight hits you with a +4 battleaxe!
You feel drained.
You hit the wight but do no damage. The wight closely misses you.
You barely miss the wight. You sock the wight!
The wight is severely damaged.
The wight hits you with a +4 battleaxe!
You feel drained.
* * * LOW HITPOINT WARNING * * *
You retract your mandibles.
You barely miss the wight.
The wight is severely damaged.
The wight hits you with a +4 battleaxe!
* * * LOW HITPOINT WARNING * * *
Aiming: Mindburst
Press: ? - help, Shift-Dir - straight line, f/p - wight
Aim: a wight, wielding a +4 battleaxe and wearing a +0 robe (severely damaged, chance to affect: 83%)
The wight's mind is blasted!!
You blow up the wight!
Okay, then.
Aiming: Mindburst
Press: ? - help, Shift-Dir - straight line, f - wight
Aim: a wight, wielding a +2 dagger of freezing and wearing a +0 robe (chance to affect: 83%)
The wight barely resists.
The wight hits you but does no damage.
Aiming: Mindburst
Press: ? - help, Shift-Dir - straight line, f/p - wight
Aim: a wight, wielding a +2 dagger of freezing and wearing a +0 robe (chance to affect: 83%)
The wight's mind is blasted!
The wight hits you with a +2 dagger of freezing.
* * * LOW HITPOINT WARNING * * *
The wight freezes you.
You die...
Your body crumbles into a pile of gold.

### #@## #####z#
#....## #..zz#
########## #....#
#....$...#
#...z#######........#
#....##.............#
#..z.##.####........#
#....$...#..........#


You could see a wight.

Vanquished Creatures
  A troll (D:6)
  A vampire (D:6)
  A yak (D:6)
  Menkaure (D:6)
  A water moccasin (D:6)
  A sky beast (D:6)
  A black bear (D:6)
  An orc warrior (D:6)
  A centaur (D:6)
  5 ogres
  A phantom (D:5)
  A bullfrog (D:6)
  A water moccasin zombie (D:5)
  3 scorpions
  A water moccasin skeleton (D:6)
  3 wights (D:7)
  A bullfrog zombie (D:6)
  A centaur zombie (D:5)
  2 gnoll shamans
  3 hounds
  An orc priest (D:4)
  Crazy Yiuf (D:2)
  2 jellies (D:6)
  2 bullfrog skeletons (D:5)
  6 iguanas
  4 orc wizards
  3 killer bee zombies
  Robin (D:2)
  A howler monkey zombie (D:7)
  9 gnolls
  8 adders
  A white imp (D:5)
  An ufetubus (D:6)
  An adder skeleton (D:5)
  2 worms (D:4)
  2 dart slugs
  13 orcs
  10 bats
  6 endoplasms
  3 giant cockroaches
  17 goblins
  8 hobgoblins
  9 jackals (D:2)
  6 kobolds
  7 ball pythons
  2 frilled lizards
  5 rats
162 creatures vanquished.

Notes
Turn   | Place    | Note
-------+----------+-------------------------------------------
     0 | D:1      | Delamore the Formicid Fighter began the quest for the Orb.
     0 | D:1      | Reached XP level 1. HP: 18/18 MP: 1/1
   113 | D:1      | Reached XP level 2. HP: 22/24 MP: 2/2
   638 | D:1      | Reached XP level 3. HP: 30/30 MP: 3/3
   869 | D:2      | Reached skill level 3 in Staves
  1080 | D:2      | Noticed Robin
  1096 | D:2      | You fall into a shaft and drop 2 floors!
  1102 | D:4      | Reached XP level 4. HP: 7/37 MP: 4/4
  1578 | D:2      | Found a runed translucent door.
  1579 | D:2      | Noticed Crazy Yiuf
  1601 | D:2      | Reached skill level 4 in Staves
  1681 | D:2      | Reached XP level 5. HP: 39/42 MP: 5/5
  2166 | D:2      | Killed Robin
  2462 | D:2      | Killed Crazy Yiuf
  3466 | D:4      | Reached XP level 6. HP: 42/49 MP: 6/6
  3473 | D:4      | Reached skill level 5 in Staves
  3539 | D:4      | Reached skill level 5 in Fighting
  3691 | D:4      | Noticed an ogre
  3945 | D:4      | Killed an ogre
  3946 | D:4      | Reached skill level 6 in Staves
  3946 | D:4      | Reached XP level 7. HP: 56/56 MP: 7/7
  4185 | D:5      | Entered Level 5 of the Dungeon
  4626 | D:5      | Reached skill level 1 in Evocations
  4631 | D:5      | Reached skill level 7 in Staves
  4835 | D:5      | Reached XP level 8. HP: 43/62 MP: 8/8
  5264 | D:5      | Reached skill level 8 in Staves
  5343 | D:6      | Noticed Menkaure
  5350 | D:6      | Killed Menkaure
  5646 | D:6      | Found a staircase to the Ecumenical Temple.
  5653 | Temple   | Entered the Ecumenical Temple
  5792 | Temple   | Became a worshipper of Gozag Ym Sagoz the Greedy
  6026 | D:6      | Reached skill level 9 in Staves
  6026 | D:6      | Reached XP level 9. HP: 48/68 MP: 9/9
  6259 | D:6      | Noticed a troll
  6455 | D:6      | Reached skill level 5 in Evocations
  6476 | D:6      | Killed a troll
  6477 | D:6      | Reached skill level 10 in Staves
  6755 | D:6      | Reached skill level 11 in Staves
  7015 | D:6      | Reached XP level 10. HP: 63/74 MP: 10/10
  7938 | D:7      | HP: 1/70 [wight (3)]
  7938 | D:7      | Slain by a wight

Illustrated notes

Levels and vault maps discovered:
D:1:      dpeg_arrival_stone_temple_mockup, layout_basic, minmay_misc_feat_cross
D:2:      layout_rooms, uniq_robin, uniq_crazy_yiuf_cottage
D:3:      layout_loops_ring, st_stairs_10
D:4:      layout_rooms
D:5:      layout_gridville
D:6:      hangedman_cross_stitches, layout_loops_cross,
          minmay_temple_entry_arrows, uniq_menkaure
D:7:      layout_basic
Temple:   kilobyte_greek_temple

Skill      XL: |  1  2  3  4  5  6  7  8  9 |
---------------+----------------------------+-----
Staves         | 3 4 6 7 9 11 | 11.9
Fighting       | 4 5 |  5.0
Evocations     | 2 4 5 |  5.0
Armour         | |  3.2
Shields        | |  3.6

Action                   |  1- 3 |  4- 6 |  7- 9 | 10-12 || total
-------------------------+-------+-------+-------+-------++-------
Melee: Quarterstaff      |   113 |   181 |   215 |    68 ||   577
Throw: Dart              |       |     2 |    15 |       ||    17
 Abil: Dig               |     4 |     5 |     4 |     1 ||    14
Evoke: Wand              |       |     3 |    18 |     3 ||    24
  Use: Scroll            |     1 |     6 |       |     3 ||    10
Armor: Scale mail        |    72 |    94 |    72 |    12 ||   250
Dodge: Dodged            |    37 |    69 |    58 |    18 ||   182
Block: Kite shield       |    73 |       |       |       ||    73
       Buckler           |       |    33 |    38 |    10 ||    81

Table legend: (Time is in decaauts)
 A = Elapsed time spent in this place.
 B = Non-inter-level travel time spent in this place.
 C = Inter-level travel time spent in this place.
 D = Time resting spent in this place.
 E = Time spent auto-exploring this place.
 F = Levels seen in this place.
 G = Mean time per level.
                   A        B        C        D        E       F      G
               +--------+--------+--------+--------+--------+-----+--------+
         Total |   7952 |   7706 |    246 |   1442 |   4970 |   8 |  994.0 |
       Dungeon |   7773 |   7566 |    207 |   1442 |   4837 |   7 | 1110.4 |
        Temple |    179 |    140 |     39 |      0 |    133 |   1 |  179.0 |
               +--------+--------+--------+--------+--------+-----+--------+

Top non-repeatable levels by time:
     D:6: 1835 daAuts
     D:5: 1533 daAuts
     D:4: 1326 daAuts
     D:2: 1224 daAuts
     D:1: 861 daAuts
     D:3: 833 daAuts
  Temple: 179 daAuts
     D:7: 158 daAuts
